 Dungeon Crawl Stone Soup version 0.21.0-3-g78d12a8 (webtiles) character file.

2166 Rayuaz the Thaumaturge (level 9, -2/57 HPs)
             Began as a Mummy Necromancer on Jan 13, 2018.
             Shot with an arrow by a centaur (11 damage)
             ... on level 7 of the Dungeon.
             The game lasted 01:35:27 (6862 turns).

Rayuaz the Thaumaturge (Mummy Necromancer)          Turns: 6862, Time: 01:35:28

Health: -2/57      AC:  5    Str: 11    XL:     9   Next: 10%
Magic:  23/23      EV: 12    Int: 17    God:
Gold:   331        SH:  0    Dex: 13    Spells: 10/28 levels left

rFire    x . .     SeeInvis .   i - +4 quarterstaff (chaos)
rCold    + . .     Gourm    .   (shield currently unavailable)
rNeg     + + +     Faith    .   E - +0 robe
rPois    ∞         Spirit   .   o - +1 helmet
rElec    .         Reflect  .   t - +0 cloak
rCorr    .         Harm     .   (no gloves)
MR       +....                  (no boots)
Stlth    ++........             (no amulet)
HPRegen  0.19/turn              (no ring)
MPRegen  0.18/turn              (no ring)

@: no status effects
A: no food or potions, fire vulnerability, cold resistance 1, negative energy
resistance 3, torment resistance, unbreathing
a: no special abilities


You were on level 7 of the Dungeon.
You were not hungry.

You visited 2 branches of the dungeon, and saw 8 of its levels.

You collected 331 gold pieces.

Inventory:

Hand Weapons
 d - a +1 spear of venom
 i - a +4 quarterstaff of chaos (weapon)
 p - a +0 dagger
 u - a +0 mace
 x - a +1 dagger of electrocution
 F - a +0 long sword
Missiles
 f - 184 stones (quivered)
 g - 60 arrows
 r - 6 javelins of returning
Armour
 a - a +0 robe
 e - a +0 robe
 h - a +0 leather armour
 l - a +1 ring mail of poison resistance
 n - a +0 animal skin
 o - a +1 helmet (worn)
 t - a +0 cloak (worn)
 y - a +0 ring mail of fire resistance
 E - a +0 robe (worn)
Wands
 A - a wand of acid (31)
Scrolls
 m - 5 scrolls of teleportation
 B - 3 scrolls of fog
 D - 2 scrolls of remove curse
Potions
 j - a potion of heal wounds {unknown}
 k - 2 potions of brilliance {unknown}
 q - a potion of curing {unknown}
 s - 2 potions of agility {unknown}
 w - a potion of invisibility
 z - 3 potions of might {unknown}
 C - a potion of berserk rage {unknown}
 G - a potion of mutation {unknown}
 I - a potion of magic {unknown}
Books
 b - a book of Necromancy

   Spells                             Type                      Level
   a - Pain                           Necromancy                   1
   b - Animate Skeleton               Necromancy                   1
   c - Vampiric Draining              Necromancy                   3
   d - Regeneration                   Charms/Necromancy            3
   e - Animate Dead                   Necromancy                   4
   f - Borgnjor's Vile Clutch         Necromancy/Earth             5
 v - a book of Minor Magic

   Spells                             Type                      Level
   a - Magic Dart                     Conjuration                  1
   b - Blink                          Translocation                2
   c - Call Imp                       Summoning                    2
   d - Slow                           Hexes                        2
   e - Conjure Flame                  Conjuration/Fire             3
   f - Mephitic Cloud                 Conjuration/Poison/Air       3
 H - a book of Air

   Spells                             Type                      Level
   a - Shock                          Conjuration/Air              1
   b - Swiftness                      Charms/Air                   2
   c - Static Discharge               Conjuration/Air              3
   d - Airstrike                      Air                          4
   e - Lightning Bolt                 Conjuration/Air              5
Comestibles
 c - 12 rations


   Skills:
 - Level 0.2 Fighting
 - Level 1.3(1.9) Polearms
 + Level 2.0(2.2) Staves
 + Level 2.0 Dodging
 - Level 1.5 Stealth
 * Level 10.4 Spellcasting
 * Level 8.6 Necromancy


You had 10 spell levels left.
You knew the following spells:

 Your Spells              Type           Power        Failure   Level  Hunger
a - Pain                  Necr           ####         1%          1    N/A
b - Animate Skeleton      Necr           N/A          1%          1    N/A
c - Animate Dead          Necr           N/A          2%          4    N/A
d - Vampiric Draining     Necr           #####.....   1%          3    N/A
e - Borgnjor's Vile Clut  Necr/Erth      ###.......   36%         5    N/A
f - Blink                 Tloc           N/A          12%         2    N/A
g - Swiftness             Chrm/Air       #.......     12%         2    N/A

Dungeon Overview and Level Annotations

Branches:
Dungeon (7/15)             Temple (1/1) D:6

Altars:
Ashenzari
Cheibriados
Elyvilon
Fedhas
Gozag
Hepliaklqana
Makhleb
Nemelex Xobeh
Okawaru
Qazlal
Sif Muna
Vehumet
Wu Jian
Xom
Yredelemnul
Zin

Shops:
D:6 }

Annotations:
D:5 exclusion: statue


Innate Abilities, Weirdness & Mutations

You do not eat or drink.
Your flesh is vulnerable to fire.
You are immune to poison.
Your flesh is cold resistant. (rC+)
You are immune to negative energy. (rN+++)
You are immune to unholy pain and torment.
You can survive without breathing.


Message History

Found a stone staircase leading down.
Your hound skeleton crumbles into dust!
Found an escape hatch in the floor.
Found 3 scrolls of identify.
A centaur comes into view.
The centaur shouts!
The centaur wields a shortbow.
The centaur shoots an arrow.
The arrow hits you.
You see here an arrow.
The centaur shoots an arrow.
The arrow hits you!
You see here an arrow.
The centaur shoots an arrow.
The arrow barely misses you. The arrow hits your bullfrog skeleton!
The centaur shoots an arrow.
The arrow hits you!
* * * LOW HITPOINT WARNING * * *
You see here an arrow.
Casting: Animate Skeleton
Confirm with . or Enter, or press ? or * to list all spells.
You can't see any susceptible monsters within range! (Use Z to cast anyway.)
You swap places.
The centaur shoots an arrow.
The arrow hits you!
You die...

...## #.#
...# #.#
.#...#
#.#####
.#.#...
#.Z...#
.#.###.
#.###.##
.#.#
#.##...#
...#
#.##..Z#
..##
#.##...##
..#
#>###Z@.#
..####
#.# #(Z.#
.....###.
#.#
##..?#
....>>...
##...#
..#......
#...#
..###....
...#
...#.....
#...#
......###
.c.#
..#...#
...#


You could see a centaur, a friendly bullfrog skeleton, a friendly orc skeleton
and a friendly centaur skeleton.

Vanquished Creatures
  The ghost of Larett the Ducker, a novice DsGl of Makhleb (D:5)
  Grinder (D:4)
  An ice beast (D:5)
  A black bear (D:6)
  4 ogres
  A centaur (D:7)
  2 bullfrogs
  A scorpion (D:6)
  A crimson imp (D:6)
  A hound (D:7)
  A jelly (D:6)
  A centaur skeleton (D:4)
  An orc priest (D:4)
  2 gnoll shamans (D:5)
  4 orc wizards
  Crazy Yiuf (D:2)
  3 iguanas
  Ijyb (D:4)
  A worker ant (D:4)
  27 gnolls (D:5)
  7 adders
  A howler monkey skeleton (D:6)
  A shadow imp (D:7)
  2 worms
  2 dart slugs
  3 leopard geckos
  7 orcs
  6 bats
  8 giant cockroaches
  10 goblins
  10 hobgoblins
  16 jackals
  A quokka (D:5)
  5 ball pythons
  4 frilled lizards
  5 kobolds
  14 rats
158 creatures vanquished.

Vanquished Creatures (collateral kills)
  A hound skeleton (D:7)
  Robin (D:2)
  9 gnolls (D:5)
  A worm (D:2)
  2 orcs (D:3)
  A giant cockroach (D:5)
  3 goblins
  2 hobgoblins
  2 jackals
22 creatures vanquished.

Grand Total: 180 creatures vanquished

Notes
Turn   | Place    | Note
-------+----------+-------------------------------------------
     0 | D:1      | Rayuaz the Mummy Necromancer began the quest for the Orb.
     0 | D:1      | Reached XP level 1. HP: 13/13 MP: 4/4
   307 | D:1      | Learned a level 1 spell: Animate Skeleton
   389 | D:1      | Reached skill level 3 in Spellcasting
   389 | D:1      | Reached XP level 2. HP: 16/19 MP: 1/6
   816 | D:2      | Reached XP level 3. HP: 22/24 MP: 1/7
   889 | D:2      | Noticed Robin
   924 | D:2      | Killed Robin
   924 | D:2      | Reached skill level 5 in Necromancy
   924 | D:2      | Reached XP level 4. HP: 21/30 MP: 1/9
   982 | D:2      | Learned a level 4 spell: Animate Dead
   986 | D:2      | Learned a level 3 spell: Vampiric Draining
  1042 | D:2      | Reached skill level 4 in Spellcasting
  1071 | D:2      | Reached skill level 1 in Polearms
  1670 | D:2      | Found a runed door.
  1674 | D:2      | Noticed Crazy Yiuf
  1686 | D:2      | Killed Crazy Yiuf
  1686 | D:2      | Reached XP level 5. HP: 17/35 MP: 1/12
  2050 | D:3      | Reached skill level 5 in Spellcasting
  2542 | D:4      | Noticed Grinder
  2564 | D:4      | Killed Grinder
  2564 | D:4      | Reached skill level 1 in Staves
  2564 | D:4      | Reached skill level 6 in Spellcasting
  2564 | D:4      | Reached XP level 6. HP: 30/41 MP: 13/15
  2569 | D:4      | Noticed Ijyb
  2578 | D:4      | Killed Ijyb
  2736 | D:4      | Found a sparkling altar of Nemelex Xobeh.
  3269 | D:4      | Reached XP level 7. HP: 17/46 MP: 7/17
  3279 | D:4      | Learned a level 5 spell: Borgnjor's Vile Clutch
  3599 | D:4      | Reached skill level 7 in Spellcasting
  3691 | D:5      | Entered Level 5 of the Dungeon
  3749 | D:5      | Noticed Larett's ghost (novice DsGl)
  3762 | D:5      | Killed Larett's ghost
  3770 | D:5      | Reached skill level 8 in Spellcasting
  3780 | D:5      | HP: 1/46 [gnoll/club (2)]
  4073 | D:5      | Found a radiant altar of Vehumet.
  4117 | D:5      | Reached XP level 8. HP: 26/52 MP: 12/20
  4241 | D:5      | HP: 1/52 [gnoll (8)]
  5143 | D:5      | Reached skill level 9 in Spellcasting
  5602 | D:6      | Found a staircase to the Ecumenical Temple.
  5609 | Temple   | Entered the Ecumenical Temple
  5743 | D:6      | Learned a level 2 spell: Blink
  5987 | D:6      | Found an iron altar of Okawaru.
  6067 | D:6      | Found a snail-covered altar of Cheibriados.
  6205 | D:6      | Found Guifal's Gadget Shoppe.
  6418 | D:6      | Reached skill level 10 in Spellcasting
  6633 | D:7      | Reached XP level 9. HP: 56/57 MP: 17/23
  6653 | D:7      | Learned a level 2 spell: Swiftness
  6813 | D:7      | Found an opulent altar of Gozag.
  6862 | D:7      | Shot with an arrow by a centaur

Skill      XL: |  1  2  3  4  5  6  7  8  9 |
---------------+----------------------------+-----
Spellcasting   | 3 4 6 8 10 | 10.4
Necromancy     | 5 6 7 8 |  8.6
Polearms       | 1 |  1.3
Staves         | 1 2 |  2.0
Dodging        | 2 |  2.0
Fighting       | |  0.2
Stealth        | |  1.5

Action                   |  1- 3 |  4- 6 |  7- 9 || total
-------------------------+-------+-------+-------++-------
Melee: Spear             |    33 |    10 |       ||    43
       Quarterstaff      |       |    42 |    71 ||   113
 Cast: Pain              |    39 |    90 |   181 ||   310
       Animate Skeleton  |     7 |    15 |    19 ||    41
       Animate Dead      |       |     4 |     5 ||     9
       Vampiric Draining |       |     7 |    22 ||    29
       Blink             |       |       |     2 ||     2
  Use: Scroll            |       |     4 |     6 ||    10
 Stab: Distracted        |       |       |     1 ||     1
Armor: Robe              |     3 |    14 |    29 ||    46
Dodge: Dodged            |    21 |    55 |    95 ||   171
